Map: [TLMC15] Curious Minds

Players

Maru - Winner!

  • Race: Terran Terran

Rogue

  • Race: Zerg Zerg

Event: DreamHack SC2 Masters 2021 Winter

VOD

Have the link to the VOD?

Description

Time

  • Played on: Nov. 14, 2021, 10:40 a.m.
  • Length: 9:11

All games in this series

Show
View Real Time Build Order
Export as new Build Order

Maru Terran - Winner!

Build Orders:  

Get SALT Encoding   

  12  0:00  SCV  
  13  0:12  SCV  
  14  0:17  Supply Depot  
  14  0:24  SCV  
  15  0:38  SCV  
  15  0:39  Barracks  
  15  0:42  Refinery  
  16  0:50  SCV  
  17  1:02  SCV  
  18  1:15  SCV  
  19  1:26  Barracks Reactor  
  19  1:27  Orbital Command  
  19  1:39  Command Center  
  19  1:51  Supply Depot  
  19  1:52  SCV  
  20  2:00  Barracks  
  20  2:04  SCV  
  20  2:05  Marine  
  20  2:07  Marine  
  23  2:16  SCV  
  23  2:18  Barracks  
  24  2:22  Marine  
  24  2:25  Marine  
  24  2:28  SCV  
  27  2:40  SCV, Marine  
  27  2:42  Refinery  
  27  2:43  Marine  
  30  2:46  Barracks Tech Lab  
  30  2:51  Orbital Command  
  30  2:53  SCV  
  31  3:01  Marine x2  
  34  3:05  SCV  
  34  3:06  Barracks Tech Lab  
  34  3:11  Stimpack, Marine  
  35  3:17  SCV x2  
  35  3:18  Supply Depot  
  37  3:20  Marine x2  
  37  3:24  Marine  
  40  3:27  Combat Shield  
  40  3:29  Marine  
  40  3:31  SCV  
  40  3:32  SCV  
  43  3:38  Marine x2  
  43  3:41  Supply Depot  
  45  3:43  SCV  
  45  3:45  SCV  
  45  3:47  Marine x2  
  49  3:55  SCV  
  50  3:56  Factory  
  50  4:02  Supply Depot, Marine x2  
  52  4:05  Marine x2  
  52  4:07  SCV  
  52  4:09  SCV  
  56  4:13  Engineering Bay  
  56  4:19  SCV  
  56  4:20  Supply Depot  
  56  4:21  SCV, Marine  
  56  4:23  Marine  
  60  4:25  Marine x2  
  62  4:36  SCV  
  63  4:40  Terran Infantry Weapons Level 1  
  63  4:41  Starport, Factory Reactor  
  63  4:42  Refinery  
  63  4:43  SCV  
  64  4:48  SCV  
  64  4:49  Marine  
  66  4:55  SCV  
  66  4:57  Marine x3  
  70  5:00  SCV  
  62  5:07  SCV  
  62  5:12  SCV  
  62  5:13  Marine  
  63  5:15  Marine x2  
  63  5:19  SCV  
  65  5:24  SCV  
  57  5:31  SCV, Marine  
  57  5:32  Medivac x2  
  57  5:33  Supply Depot, Marine  
  57  5:34  Barracks Reactor  
  57  5:35  Siege Tank, Marine  
  68  5:37  SCV  
  68  5:39  Supply Depot, Refinery  
  69  5:43  SCV  
  69  5:47  Command Center  
  69  5:49  Marine  
  71  5:50  Marine  
  71  5:52  Marine  
  73  6:02  Medivac x2  
  77  6:07  Siege Tank, Marine  
  77  6:08  Marine  
  77  6:10  Marine  
  77  6:11  Marine x2  
  83  6:16  Barracks  
  83  6:18  Barracks  
  85  6:24  Supply Depot x2  
  85  6:25  Marine  
  86  6:26  Marine  
  86  6:28  Marine  
  86  6:29  Marine x2  
  86  6:32  Medivac  
  92  6:38  Terran Infantry Armor Level 1  
  92  6:43  Marine  
  92  6:44  Marine  
  92  6:45  Siege Tank  
  92  6:46  Marine x2  
  92  6:47  Marine  
  99  6:51  Supply Depot  
  100  6:55  Medivac  
  100  7:00  Marine  
  103  7:02  Marine  
  103  7:03  Orbital Command  
  103  7:04  Marine x3  
  103  7:05  Barracks Reactor  
  103  7:06  Barracks Reactor  
  107  7:15  SCV  
  108  7:18  Marine  
  108  7:19  Armory  
  108  7:22  SCV, Engineering Bay  
  110  7:24  Marine x2  
  110  7:28  Marine  
  110  7:29  SCV  
  113  7:32  Factory Reactor  
  98  7:37  Marine x2  
  98  7:40  SCV x2  
  98  7:42  Marine x2  
  101  7:46  Marine  
  101  7:48  Marine x4  
  101  7:49  SCV  
  96  7:55  Marine x2  
  92  8:00  Marine x2  
  92  8:04  Marine  
  89  8:06  Marine  
  89  8:07  Marine x3  
  88  8:18  SCV  
  86  8:24  Widow Mine  
  86  8:27  Widow Mine  
  87  8:33  Marine x2  
  84  8:46  Marine x5  
  84  8:47  Widow Mine, Starport Reactor  
  84  8:48  Widow Mine  
  84  8:52  Marine x2  
  84  8:55  SCV  
Show
View Real Time Build Order
Export as new Build Order

Rogue Zerg 

Build Orders: Hatch First 

Get SALT Encoding   

  12  0:00  Drone  
  13  0:12  Overlord  
  13  0:17  Drone  
  14  0:30  Drone  
  14  0:31  Drone  
  16  0:49  Hatchery  
  15  0:51  Drone  
  15  0:54  Drone  
  17  0:58  Drone  
  18  1:09  Extractor  
  17  1:14  Spawning Pool  
  17  1:17  Drone  
  17  1:20  Drone  
  18  1:28  Drone  
  19  1:39  Drone  
  20  1:49  Drone  
  21  2:00  Queen x2  
  25  2:01  Zergling x4  
  27  2:11  Overlord  
  27  2:12  Zergling x2  
  28  2:22  Hatchery  
  28  2:25  Drone  
  28  2:31  Drone  
  28  2:33  Drone x2  
  31  2:40  Queen  
  33  2:46  Metabolic Boost  
  33  2:51  Overlord  
  33  2:55  Drone  
  33  2:56  Drone  
  35  2:59  Drone  
  36  3:11  Drone  
  36  3:12  Drone x4  
  41  3:16  Queen  
  43  3:21  Overlord  
  43  3:25  Drone  
  44  3:34  Queen  
  44  3:37  Overlord  
  44  3:38  Drone x3  
  49  3:42  Queen  
  52  3:48  Drone x2  
  52  3:51  Drone x2  
  52  3:54  Queen  
  57  3:59  Drone x2  
  59  4:03  Zergling x6  
  62  4:11  Overlord  
  62  4:13  Queen  
  62  4:15  Drone x2  
  66  4:22  Extractor  
  66  4:23  Drone  
  66  4:27  Evolution Chamber  
  66  4:28  Drone, Evolution Chamber  
  66  4:29  Drone x2, Overlord  
  66  4:31  Drone x3  
  70  4:34  Queen  
  72  4:39  Zergling x4  
  72  4:40  Overlord  
  74  4:48  Overlord  
  74  4:49  Overlord  
  68  5:00  Zergling x2  
  68  5:01  Zergling x16  
  63  5:08  Zergling x2  
  63  5:10  Zerg Ground Armor Level 1, Zergling x2, Zerg Melee Weapons Level 1  
  57  5:14  Zergling x2  
  57  5:15  Queen  
  58  5:23  Drone x5  
  58  5:32  Queen  
  58  5:34  Drone x2  
  62  5:37  Drone x2  
  62  5:38  Drone x2  
  66  5:43  Queen  
  66  5:48  Drone, Baneling Nest  
  68  5:51  Zergling x8  
  68  5:53  Zergling x2  
  68  5:54  Zergling x2  
  68  5:55  Zergling x2  
  75  5:59  Zergling x2  
  75  6:02  Zergling x2  
  75  6:03  Zergling x2  
  78  6:11  Zergling x2  
  78  6:13  Zergling x2  
  78  6:15  Zergling x2  
  81  6:18  Hatchery  
  81  6:20  Queen  
  81  6:21  Queen x2  
  81  6:22  Zergling x2  
  81  6:25  Zergling x8  
  91  6:27  Zergling x2  
  91  6:32  Zergling x2  
  93  6:37  Zergling x2  
  90  6:42  Zergling x2  
  90  6:43  Overlord  
  91  6:50  Overlord x2  
  91  6:54  Overlord  
  91  6:57  Baneling x7  
  91  6:58  Baneling x12  
  91  7:04  Zergling x14  
  91  7:05  Baneling x2  
  98  7:09  Zergling x4  
  98  7:14  Zergling x2  
  98  7:15  Extractor  
  100  7:18  Queen x2  
  100  7:19  Zergling x2  
  100  7:20  Zergling x2  
  100  7:22  Zergling x2  
  107  7:29  Zergling x10  
  102  7:31  Zergling x2  
  102  7:32  Zergling x10  
  102  7:35  Zergling x2  
  103  7:42  Zergling x4  
  95  7:47  Zergling x2  
  95  7:51  Queen  
  84  7:54  Baneling x4, Zergling x2  
  84  7:55  Zergling x8  
  84  7:56  Zergling x2  
  86  8:02  Baneling  
  86  8:04  Baneling x3  
  84  8:06  Baneling x2, Overlord  
  80  8:18  Zergling x8  
  76  8:24  Queen  
  76  8:26  Zergling x2, Queen  
  78  8:28  Hatchery  
  78  8:30  Zergling x2  
  80  8:37  Zergling x2  
  78  8:45  Zergling x2  
  78  8:47  Baneling x4, Zergling x2  
  69  8:49  Hatchery, Zergling x2  
  69  8:50  Zergling x2  
  69  8:51  Zergling x2  

Tags
 
Add a new tag
Caveats
  • Supply blocks, unpowered buildings, or Contaminate may cause inaccurate times.
  • Supply counts are checked every 10 seconds.